Wolves vs Ice Caps

Created - Sunday, December 13, 2015 at 02:47

Goals
1 2 3 OT1 SO T
Wolves 0 1 0 0 1 2
Ice Caps 0 1 0 0 0 1
Shots
1 2 3 OT1 SO T
Wolves 7 14 5 0 3 26
Ice Caps 6 16 8 2 3 32

1st period

No Goal

Penalties :
Derek Grant (STJ) for Fighting (Major) at 4:09, Ryan Reaves (CHI) for Fighting (Major) at 4:09

2nd period

1. Ice Caps , Ryan Carter 6 (B.J. Crombeen, Shawn Thornton) at 1:29 (PP)
2. Wolves , Andre Benoit 8 (Matt Donovan) at 7:27

Penalties :
Blair Jones (CHI) for Roughing (Minor) at 1:01, B.J. Crombeen (STJ) for Fighting (Major) at 8:50, Marek Tvrdon (CHI) for Fighting (Major) at 8:50, Scott Kosmachuk (CHI) for Hooking (Minor) at 9:13, Joe Whitney (CHI) for Holding (Minor) at 12:46, B.J. Crombeen (STJ) for Fighting (Major) at 19:50, Colton Sissons (CHI) for Fighting (Major) at 19:50

3rd period

No Goal

Penalties :
Derek Grant (STJ) for Fighting (Major) at 0:58, Chris Brown (CHI) for Fighting (Major) at 0:58, Scott Kosmachuk (CHI) for Slashing (Minor) at 5:58, Brian O'Neill (CHI) for Hooking (Minor) at 11:05

Overtime #1

No Goal

Penalties :
No Penalty

Shootout

Penalty Shot by Ryan Reaves for Wolves - Goal!
Penalty Shot by Phil Lane for Ice Caps - Stopped by Evgeni Nabokov
Penalty Shot by Joakim Nordstrom for Wolves - Stopped by Jussi Rynnas
Penalty Shot by Ryan Carter for Ice Caps - Shot Misses the Net
Penalty Shot by Brian O'Neill for Wolves - Stopped by Jussi Rynnas
Penalty Shot by Shawn Thornton for Ice Caps - Stopped by Evgeni Nabokov

Penalties :
No Penalty

Goalie Stats

Evgeni Nabokov (CHI), 31 saves from 32 shots - (0.969), W, 14-1-3, 65:00 minutes
Jussi Rynnas (STJ), 25 saves from 26 shots - (0.962), OTL, 4-3-6, 65:00 minutes

Players Stats for Wolves

Player Name              G  A  P  +/- PIM S  H  SB GA TA FO     MP     PP MP  PK MP  
------------------------------------------------------------------------------------
Andre Benoit             1  0  1   1  0   5  0  3  1  3  0/0    26:51   0:00   6:31 
Blair Jones              0  0  0   0  2   0  0  1  1  0  0/0    16:17   0:00   3:06 
Brian O'Neill            0  0  0   0  2   1  0  0  6  2  0/0    19:09   0:00   0:30 
Chris Brown              0  0  0   0  5   1  0  0  2  0  0/0    15:33   0:00   0:00 
Colton Sissons           0  0  0   0  5   2  0  0  0  0  9/14   16:06   0:00   0:33 
Evan Rankin              0  0  0   1  0   1  1  0  1  0  0/0     9:06   0:00   0:00 
Gus Young                0  0  0   0  0   1  1  0  0  0  0/0    16:32   0:00   0:00 
Joakim Nordstrom         0  0  0   0  0   1  3  0  3  3  4/11   18:33   0:00   5:36 
Joe Piskula              0  0  0   0  0   2  0  0  0  1  0/0    21:36   0:00   1:53 
Joe Whitney              0  0  0   0  2   4  1  1  1  0  0/0    17:53   0:00   0:54 
Josh Anderson            0  0  0   1  0   0  0  1  2  1  0/0     9:06   0:00   0:00 
Kevin Gagne              0  0  0   0  0   0  2  1  0  0  0/0    16:32   0:00   0:00 
Marek Tvrdon             0  0  0   0  5   2  2  1  0  1  0/0    15:28   0:00   1:46 
Matt Donovan             0  1  1   1  0   2  1  2  2  1  0/0    26:51   0:00   6:31 
Ryan Reaves              0  0  0   1  5   1  3  1  1  0  2/9    21:13   0:00   4:24 
Ryan Sproul              0  0  0   0  0   2  1  1  0  1  0/0    21:36   0:00   1:53 
Scott Kosmachuk          0  0  0   0  4   0  1  0  1  0  2/2     9:21   0:00   0:00 
Zack Phillips            0  0  0   0  0   1  3  0  1  0  1/2    13:40   0:00   0:00 

Players Stats for Ice Caps

Player Name              G  A  P  +/- PIM S  H  SB GA TA FO     MP     PP MP  PK MP  
------------------------------------------------------------------------------------
Alex Biega               0  0  0  -1  0   1  0  2  0  0  0/0    28:17   4:14   0:00 
Alex Grant               0  0  0   0  0   0  2  2  0  1  0/0    27:04   4:14   0:00 
Andrew Bodnarchuk        0  0  0   0  0   1  1  0  1  1  0/0    25:17   4:10   0:00 
B.J. Crombeen            0  1  1   0  10  4  1  0  3  0  0/0    17:48   3:22   0:00 
Barry Goers              0  0  0  -1  0   1  1  1  0  2  0/0    21:57   0:00   0:00 
Brandon Yip              0  0  0   0  0   2  0  0  0  0  0/0    13:57   0:00   0:00 
Chris Conner             0  0  0   0  0   0  0  1  1  0  7/16   17:27   4:48   0:00 
Derek Grant              0  0  0   0  10  2  1  0  1  0  0/1    15:56   4:36   0:00 
Drew LeBlanc             0  0  0  -1  0   2  1  1  0  0  0/0    10:21   0:00   0:00 
FARM PLAYER23            0  0  0   0  0   0  1  0  0  0  0/0     6:25   0:00   0:00 
Kyle MacKinnon           0  0  0  -1  0   1  0  0  1  0  5/6    12:30   0:13   0:00 
Nick D'Agostino          0  0  0   0  0   1  1  2  0  2  0/0    20:17   4:10   0:00 
Paul Carey               0  0  0   0  0   2  1  0  6  2  0/0    16:56   3:44   0:00 
Phil Lane                0  0  0  -1  0   3  0  0  2  0  0/0    15:52   0:55   0:00 
Ryan Carter              1  0  1   0  0   5  1  1  7  3  6/12   20:50   3:47   0:00 
Shawn Thornton           0  1  1   0  0   4  4  0  1  1  2/2    21:03   3:47   0:00 
Tim Kennedy              0  0  0   0  0   2  1  0  1  1  0/1    13:57   0:00   0:00 
Troy Bodie               0  0  0   0  0   1  2  1  0  0  0/0    13:57   0:00   0:00 

3 Stars

1 - Evgeni Nabokov (CHI)
2 - Jussi Rynnas (STJ)
3 - Andre Benoit (CHI)

Power Play

Wolves - 0 on 0 Attempt(s) - 0.00%
Ice Caps - 1 on 5 Attempt(s) - 20.00%

Penalty Kill

Wolves - 4 on 5 Attempt(s) - 80.00% - Score 0 goal in Penalty Kill
Ice Caps - 0 on 0 Attempt(s) - 0.00% - Score 0 goal in Penalty Kill

Team Stat

Wolves - Hits : 19 - Faceoff Wins : 18 - Blocked Shots : 12 - Penalty Minutes : 30
Ice Caps - Hits : 18 - Faceoff Wins : 20 - Blocked Shots : 11 - Penalty Minutes : 20

Official

Referees : Unknown
Linesman : Unknown

Game Notes

Derek Grant beats up Ryan Reaves at 4:09 of 1st period
FARM PLAYER23 is injured at 19:30 of 1st period (Sprained Left Finger)
1:48 of 2nd period - Wolves goal is going for a video replay. After video review, No Goal. The goalkeeper has been pushed into the net together with the puck after making a save.
B.J. Crombeen and Marek Tvrdon fight to a draw at 8:50 of 2nd period
B.J. Crombeen beats up Colton Sissons at 19:50 of 2nd period
Derek Grant and Chris Brown fight to a draw at 0:58 of 3rd period

Finance

Level 1 -- Attendance: 1483 (74.15%) -- Ticket Income $41,524
Level 2 -- Attendance: 767 (76.70%) -- Ticket Income $11,505
Total Attendance: 2250 (75.00%)
Total Ticket Income: $53,029
Other Income: $25,984
Total Income: $79,013

Wolves

5 vs 5 Forward 
   Center                   Left Wing                Right Wing               Time % Phy DF OF 
 1 Joakim Nordstrom         Blair Jones              Ryan Reaves              35     1   2  2  
 2 Colton Sissons           Chris Brown              Brian O'Neill            30     1   2  2  
 3 Zack Phillips            Joe Whitney              Marek Tvrdon             22     1   2  2  
 4 Ryan Reaves              Josh Anderson            Evan Rankin              13     1   2  2  

5 vs 5 Defense 
   Defense                  Defense                                           Time % Phy DF OF 
 1 Andre Benoit             Matt Donovan                                      35     1   2  2  
 2 Ryan Sproul              Joe Piskula                                       30     1   2  2  
 3 Gus Young                Kevin Gagne                                       22     1   2  2  
 4 Andre Benoit             Matt Donovan                                      13     1   2  2  

PowerPlay Forward 
   Center                   Left Wing                Right Wing               Time % Phy DF OF 
 1 Joakim Nordstrom         Blair Jones              Ryan Reaves              60     1   2  2  
 2 Colton Sissons           Chris Brown              Brian O'Neill            40     1   2  2  

PowerPlay Defense
   Defense                  Defense                                           Time % Phy DF OF 
 1 Andre Benoit             Matt Donovan                                      60     1   2  2  
 2 Ryan Sproul              Joe Piskula                                       40     1   2  2  

Penalty Kill 4 Players Forward 
   Center                   Wing                     Time % Phy DF OF 
 1 Ryan Reaves              Joakim Nordstrom         60     1   2  2  
 2 Brian O'Neill            Blair Jones              40     1   2  2  

Penalty Kill 4 Players Defense
   Defense                  Defense                  Time % Phy DF OF 
 1 Andre Benoit             Matt Donovan             60     1   2  2  
 2 Ryan Sproul              Joe Piskula              40     1   2  2  

Penalty Kill - 3 Players Forward 
   Forward                                           Time % Phy DF OF 
 1 Ryan Reaves                                       60     1   2  2  
 2 Joakim Nordstrom                                  40     1   2  2  

Penalty Kill - 3 Players Defense
   Defense                  Defense                  Time % Phy DF OF 
 1 Andre Benoit             Matt Donovan             60     1   2  2  
 2 Ryan Sproul              Joe Piskula              40     1   2  2  

4 vs 4 Forward 
   Center                   Wing                     Time % Phy DF OF 
 1 Ryan Reaves              Joakim Nordstrom         60     1   2  2  
 2 Brian O'Neill            Blair Jones              40     1   2  2  

4 vs 4 Defense
   Defense                  Defense                  Time % Phy DF OF 
 1 Andre Benoit             Matt Donovan             60     1   2  2  
 2 Ryan Sproul              Joe Piskula              40     1   2  2  

Last Minutes Offensive
   Center                   Left Wing                Right Wing               Defense                  Defense                  
   Joakim Nordstrom         Blair Jones              Ryan Reaves              Andre Benoit             Matt Donovan             

Last Minutes Defensive
   Center                   Left Wing                Right Wing               Defense                  Defense                  
   Joakim Nordstrom         Blair Jones              Ryan Reaves              Andre Benoit             Matt Donovan             

Goaltenders
Starting : Evgeni Nabokov           
Backup : FARM GOALIE18            

Extra Forwards
Normal : Scott Kosmachuk, Joe Whitney, Marek Tvrdon - PP : Scott Kosmachuk, Joe Whitney - PK : Marek Tvrdon
Extra Defensemen
Normal : Gus Young, Kevin Gagne, Ryan Sproul - PP : Gus Young - PK : Kevin Gagne, Ryan Sproul
Penalty Shots
Ryan Reaves, Joakim Nordstrom, Brian O'Neill, Blair Jones, Colton Sissons

Ice Caps

5 vs 5 Forward 
   Center                   Left Wing                Right Wing               Time % Phy DF OF 
 1 Ryan Carter              Shawn Thornton           B.J. Crombeen            35     1   2  2  
 2 Chris Conner             Paul Carey               Derek Grant              30     1   2  2  
 3 Tim Kennedy              Troy Bodie               Brandon Yip              22     1   2  2  
 4 Kyle MacKinnon           Drew LeBlanc             Phil Lane                13     1   2  2  

5 vs 5 Defense 
   Defense                  Defense                                           Time % Phy DF OF 
 1 Alex Grant               Alex Biega                                        35     1   2  2  
 2 Andrew Bodnarchuk        Nick D'Agostino                                   30     1   2  2  
 3 Barry Goers              FARM PLAYER23                                     22     1   2  2  
 4 Alex Grant               Alex Biega                                        13     1   2  2  

PowerPlay Forward 
   Center                   Left Wing                Right Wing               Time % Phy DF OF 
 1 Ryan Carter              Shawn Thornton           B.J. Crombeen            60     1   2  2  
 2 Chris Conner             Paul Carey               Derek Grant              40     1   2  2  

PowerPlay Defense
   Defense                  Defense                                           Time % Phy DF OF 
 1 Alex Grant               Alex Biega                                        60     1   2  2  
 2 Andrew Bodnarchuk        Nick D'Agostino                                   40     1   2  2  

Penalty Kill 4 Players Forward 
   Center                   Wing                     Time % Phy DF OF 
 1 Ryan Carter              B.J. Crombeen            60     1   2  2  
 2 Troy Bodie               Brandon Yip              40     1   2  2  

Penalty Kill 4 Players Defense
   Defense                  Defense                  Time % Phy DF OF 
 1 Alex Biega               Alex Grant               60     1   2  2  
 2 Nick D'Agostino          Andrew Bodnarchuk        40     1   2  2  

Penalty Kill - 3 Players Forward 
   Forward                                           Time % Phy DF OF 
 1 Shawn Thornton                                    60     1   2  2  
 2 Kyle MacKinnon                                    40     1   2  2  

Penalty Kill - 3 Players Defense
   Defense                  Defense                  Time % Phy DF OF 
 1 Alex Biega               Alex Grant               60     1   2  2  
 2 FARM PLAYER23            Barry Goers              40     1   2  2  

4 vs 4 Forward 
   Center                   Wing                     Time % Phy DF OF 
 1 Shawn Thornton           Ryan Carter              60     1   2  2  
 2 B.J. Crombeen            Tim Kennedy              40     1   2  2  

4 vs 4 Defense
   Defense                  Defense                  Time % Phy DF OF 
 1 Alex Grant               Alex Biega               60     1   2  2  
 2 Barry Goers              FARM PLAYER23            40     1   2  2  

Last Minutes Offensive
   Center                   Left Wing                Right Wing               Defense                  Defense                  
   Ryan Carter              Shawn Thornton           B.J. Crombeen            Alex Grant               Alex Biega               

Last Minutes Defensive
   Center                   Left Wing                Right Wing               Defense                  Defense                  
   Ryan Carter              Shawn Thornton           B.J. Crombeen            Alex Grant               Alex Biega               

Goaltenders
Starting : Jussi Rynnas             
Backup : Jeff Zatkoff             

Extra Forwards
Normal : Phil Lane, Ryan Carter, Shawn Thornton - PP : Chris Conner, B.J. Crombeen - PK : Drew LeBlanc
Extra Defensemen
Normal : Alex Biega, Alex Grant, Andrew Bodnarchuk - PP : Alex Biega - PK : Nick D'Agostino, Alex Grant
Penalty Shots
Phil Lane, Ryan Carter, Shawn Thornton, Chris Conner, B.J. Crombeen

% Time on Ice - Wolves

Lines # - Real PCT - Wanted PCT - Time Play
Normal Forward
1 - 21% - 35% - 10:57
2 - 35% - 30% - 18:16
3 - 26% - 22% - 13:17
4 - 18% - 13% - 9:06
Normal Defense
1 - 28% - 35% - 14:17
2 - 34% - 30% - 17:36
3 - 32% - 22% - 16:33
4 - 6% - 13% - 3:10
PP Forward
1 - 0% - 60%
2 - 0% - 40%
PP Defense
1 - 0% - 60%
2 - 0% - 40%
PK Forward
1 - 88% - 60% - 7:21
2 - 13% - 40% - 1:03
PK Defense
1 - 78% - 60% - 6:31
2 - 22% - 40% - 1:53
PK3 Forward
1 - 0% - 60%
2 - 0% - 40%
PK3 Defense
1 - 0% - 60%
2 - 0% - 40%
44 Forward
1 - 87% - 60% - 4:21
2 - 13% - 40% - 0:39
44 Defense
1 - 58% - 60% - 2:53
2 - 42% - 40% - 2:07
Last Minute Offensive  - 0:00
Last Minute Defensive  - 0:00
Total
Forward - 65:00
Defense - 65:00

% Time on Ice - Ice Caps

Lines # - Real PCT - Wanted PCT - Time Play
Normal Forward
1 - 28% - 35% - 14:29
2 - 25% - 30% - 12:49
3 - 27% - 22% - 13:57
4 - 20% - 13% - 10:21
Normal Defense
1 - 26% - 35% - 13:27
2 - 27% - 30% - 13:59
3 - 44% - 22% - 22:36
4 - 3% - 13% - 1:34
PP Forward
1 - 50% - 60% - 4:10
2 - 50% - 40% - 4:14
PP Defense
1 - 50% - 60% - 4:14
2 - 50% - 40% - 4:10
PK Forward
1 - 0% - 60%
2 - 0% - 40%
PK Defense
1 - 0% - 60%
2 - 0% - 40%
PK3 Forward
1 - 0% - 60%
2 - 0% - 40%
PK3 Defense
1 - 0% - 60%
2 - 0% - 40%
44 Forward
1 - 100% - 60% - 5:00
2 - 0% - 40% - 0:00
44 Defense
1 - 26% - 60% - 1:17
2 - 74% - 40% - 3:43
Last Minute Offensive  - 0:00
Last Minute Defensive  - 0:00
Total
Forward - 65:00
Defense - 65:00

Play by Play

1st period


0:01 of 1st period - Ryan Carter wins face-off versus Joakim Nordstrom in neutral zone.
0:18 of 1st period - Snap shot by Shawn Thornton.
0:18 of 1st period - Stopped by Evgeni Nabokov with a rebound.
0:20 of 1st period - Snap shot by Shawn Thornton.
0:20 of 1st period - Shot Blocked by Andre Benoit.
0:28 of 1st period - Wrist shot by Shawn Thornton.
0:28 of 1st period - Shot Blocked by Andre Benoit.
0:30 of 1st period - Snap shot by Shawn Thornton.
0:30 of 1st period - Shot Blocked by Andre Benoit.
0:34 of 1st period - Snap shot by B.J. Crombeen.
0:34 of 1st period - Shot Misses the Net.
0:36 of 1st period - Snap shot by Shawn Thornton.
0:36 of 1st period - Stopped by Evgeni Nabokov without a rebound.
0:37 of 1st period - Colton Sissons wins face-off versus Chris Conner in Wolves zone.
1:32 of 1st period - Brandon Yip is hit by Marek Tvrdon and loses puck.
1:53 of 1st period - Slapshot by Marek Tvrdon.
1:53 of 1st period - Shot Blocked by Nick D'Agostino.
1:55 of 1st period - Slapshot by Kevin Gagne.
1:55 of 1st period - Shot Blocked by Nick D'Agostino.
2:01 of 1st period - Wrist shot by Joe Whitney.
2:01 of 1st period - Stopped by Jussi Rynnas without a rebound.
2:02 of 1st period - Kyle MacKinnon wins face-off versus Ryan Reaves in Ice Caps zone.
2:10 of 1st period - Off-side.
2:11 of 1st period - Kyle MacKinnon wins face-off versus Ryan Reaves in neutral zone.
2:16 of 1st period - Slapshot by Kyle MacKinnon.
2:16 of 1st period - Shot Blocked by Josh Anderson.
2:18 of 1st period - Slapshot by Barry Goers.
2:18 of 1st period - Shot Misses the Net.
2:20 of 1st period - Slapshot by Drew LeBlanc.
2:20 of 1st period - Stopped by Evgeni Nabokov with a rebound.
2:22 of 1st period - Wrist shot by Phil Lane.
2:22 of 1st period - Shot Misses the Net.
2:32 of 1st period - Matt Donovan is hit by FARM PLAYER23 and loses puck.
3:42 of 1st period - Wrist shot by Marek Tvrdon.
3:42 of 1st period - Shot Misses the Net.
3:56 of 1st period - Slapshot by Joe Whitney.
3:56 of 1st period - Shot Misses the Net.
3:58 of 1st period - Slapshot by Marek Tvrdon.
3:58 of 1st period - Shot Misses the Net.
4:00 of 1st period - Snap shot by Marek Tvrdon.
4:00 of 1st period - Stopped by Jussi Rynnas without a rebound.
4:01 of 1st period - Chris Conner wins face-off versus Joakim Nordstrom in Ice Caps zone.
4:09 of 1st period - Derek Grant beats up Ryan Reaves.
4:09 of 1st period - Penalty to Derek Grant for Fighting.
4:09 of 1st period - Penalty to Ryan Reaves for Fighting.
4:10 of 1st period - Chris Conner wins face-off versus Joakim Nordstrom in Wolves zone.
5:21 of 1st period - Colton Sissons is hit by Troy Bodie and loses puck.
6:06 of 1st period - Ryan Carter is hit by Zack Phillips and loses puck.
6:13 of 1st period - Ryan Carter is hit by Joe Whitney and loses puck.
6:24 of 1st period - Slapshot by B.J. Crombeen.
6:24 of 1st period - Shot Misses the Net.
7:08 of 1st period - Josh Anderson is hit by Drew LeBlanc and loses puck.
7:27 of 1st period - Matt Donovan is hit by Paul Carey.
8:45 of 1st period - Snap shot by Brandon Yip.
8:45 of 1st period - Shot Blocked by Marek Tvrdon.
8:47 of 1st period - Snap shot by Troy Bodie.
8:47 of 1st period - Shot Misses the Net.
8:53 of 1st period - Wrist shot by Brandon Yip.
8:53 of 1st period - Shot Misses the Net.
9:12 of 1st period - Snap shot by Ryan Carter.
9:12 of 1st period - Stopped by Evgeni Nabokov with a rebound.
9:14 of 1st period - Snap shot by Ryan Carter.
9:14 of 1st period - Shot Blocked by Matt Donovan.
10:05 of 1st period - Snap shot by Blair Jones.
10:05 of 1st period - Shot Blocked by Drew LeBlanc.
10:11 of 1st period - Snap shot by Joakim Nordstrom.
10:11 of 1st period - Shot Blocked by Alex Biega.
10:13 of 1st period - Snap shot by Andre Benoit.
10:13 of 1st period - Stopped by Jussi Rynnas with a rebound.
11:30 of 1st period - Zack Phillips is hit by Shawn Thornton and loses puck.
11:54 of 1st period - Joakim Nordstrom is hit by Alex Grant and loses puck.
12:25 of 1st period - Brandon Yip is hit by Kevin Gagne and loses puck.
12:44 of 1st period - Slapshot by Matt Donovan.
12:44 of 1st period - Deflect By Andrew Bodnarchuk.
12:44 of 1st period - Stopped by Jussi Rynnas with a rebound.
12:56 of 1st period - Phil Lane is hit by Ryan Reaves and loses puck.
13:01 of 1st period - Slapshot by Joakim Nordstrom.
13:01 of 1st period - Stopped by Jussi Rynnas without a rebound.
13:02 of 1st period - Joakim Nordstrom wins face-off versus Kyle MacKinnon in Ice Caps zone.
13:23 of 1st period - Kevin Gagne is hit by Barry Goers and loses puck.
14:38 of 1st period - Ryan Carter is hit by Ryan Sproul and loses puck.
14:51 of 1st period - Snap shot by B.J. Crombeen.
14:51 of 1st period - Stopped by Evgeni Nabokov with a rebound.
15:56 of 1st period - Wrist shot by Phil Lane.
15:56 of 1st period - Shot Misses the Net.
15:58 of 1st period - Wrist shot by Phil Lane.
15:58 of 1st period - Shot Blocked by Blair Jones.
16:22 of 1st period - Wrist shot by B.J. Crombeen.
16:22 of 1st period - Shot Misses the Net.
16:50 of 1st period - Gus Young is hit by Troy Bodie and loses puck.
17:05 of 1st period - Snap shot by Andre Benoit.
17:05 of 1st period - Stopped by Jussi Rynnas with a rebound.
17:07 of 1st period - Backhand shot by Matt Donovan.
17:07 of 1st period - Shot Blocked by Alex Biega.
17:30 of 1st period - Icing by Phil Lane.
17:31 of 1st period - Kyle MacKinnon wins face-off versus Colton Sissons in Ice Caps zone.
17:38 of 1st period - Snap shot by Colton Sissons.
17:38 of 1st period - Deflect By Brian O'Neill.
17:38 of 1st period - Shot Misses the Net.
17:38 of 1st period - Puck is out of play.
17:39 of 1st period - Kyle MacKinnon wins face-off versus Colton Sissons in Ice Caps zone.
17:44 of 1st period - Snap shot by Colton Sissons.
17:44 of 1st period - Shot Misses the Net.
17:46 of 1st period - Snap shot by Chris Brown.
17:46 of 1st period - Stopped by Jussi Rynnas with a rebound.
18:02 of 1st period - Marek Tvrdon is hit by Shawn Thornton and loses puck.
18:36 of 1st period - Wrist shot by Troy Bodie.
18:36 of 1st period - Stopped by Evgeni Nabokov with a rebound.
19:29 of 1st period - FARM PLAYER23 is hit by Gus Young and loses puck.
19:30 of 1st period - FARM PLAYER23 from Ice Caps is injured at 19:30 of 1st period (Sprained Left Finger).
19:31 of 1st period - Ryan Carter wins face-off versus Joakim Nordstrom in Ice Caps zone.
Goals for this period are 0 for Wolves vs 0 for Ice Caps.
Shots for this period are 7 for Wolves vs 6 for Ice Caps.

2nd period


0:01 of 2nd period - Ryan Carter wins face-off versus Joakim Nordstrom in neutral zone.
0:16 of 2nd period - Blair Jones is hit by Shawn Thornton and loses puck.
0:21 of 2nd period - Snap shot by B.J. Crombeen.
0:21 of 2nd period - Stopped by Evgeni Nabokov with a rebound.
0:23 of 2nd period - Wrist shot by Ryan Carter.
0:23 of 2nd period - Stopped by Evgeni Nabokov with a rebound.
0:25 of 2nd period - Snap shot by B.J. Crombeen.
0:25 of 2nd period - Stopped by Evgeni Nabokov with a rebound.
0:27 of 2nd period - Snap shot by Alex Biega.
0:27 of 2nd period - Stopped by Evgeni Nabokov without a rebound.
0:28 of 2nd period - Colton Sissons wins face-off versus Chris Conner in Wolves zone.
0:39 of 2nd period - Wrist shot by Colton Sissons.
0:39 of 2nd period - Stopped by Jussi Rynnas without a rebound.
0:40 of 2nd period - Colton Sissons wins face-off versus Chris Conner in Ice Caps zone.
0:46 of 2nd period - Off-side.
0:47 of 2nd period - Chris Conner wins face-off versus Colton Sissons in neutral zone.
0:56 of 2nd period - Snap shot by Paul Carey.
0:56 of 2nd period - Shot Misses the Net.
0:58 of 2nd period - Wrist shot by Paul Carey.
0:58 of 2nd period - Stopped by Evgeni Nabokov without a rebound.
0:59 of 2nd period - Joakim Nordstrom wins face-off versus Ryan Carter in Wolves zone.
1:01 of 2nd period - Minor Penalty to Blair Jones for Roughing.
1:02 of 2nd period - Ryan Reaves wins face-off versus Ryan Carter in Wolves zone.
1:25 of 2nd period - Wrist shot by B.J. Crombeen.
1:25 of 2nd period - Shot Blocked by Matt Donovan.
1:27 of 2nd period - Wrist shot by Ryan Carter.
1:27 of 2nd period - Shot Misses the Net.
1:29 of 2nd period - Snap shot by Ryan Carter.
1:29 of 2nd period - Goal by Ryan Carter - Wolves : 0 - Ice Caps : 1.
1:30 of 2nd period - Chris Conner wins face-off versus Colton Sissons in neutral zone.
1:37 of 2nd period - Chris Brown is hit by Derek Grant and loses puck.
1:46 of 2nd period - Snap shot by Brian O'Neill.
1:46 of 2nd period - Shot Misses the Net.
1:48 of 2nd period - Wrist shot by Colton Sissons.
1:48 of 2nd period - Wolves goal is going for a video replay.
1:48 of 2nd period - The goal is refused. The goalkeeper has been pushed into the net together with the puck after making a save..
1:49 of 2nd period - Chris Conner wins face-off versus Colton Sissons in Ice Caps zone.
3:34 of 2nd period - Wrist shot by Brandon Yip.
3:34 of 2nd period - Shot Misses the Net.
3:40 of 2nd period - Nick D'Agostino is hit by Zack Phillips and loses puck.
4:03 of 2nd period - Gus Young is hit by Nick D'Agostino and loses puck.
4:14 of 2nd period - Slapshot by Phil Lane.
4:14 of 2nd period - Shot Misses the Net.
4:23 of 2nd period - Wrist shot by Phil Lane.
4:23 of 2nd period - Stopped by Evgeni Nabokov with a rebound.
4:25 of 2nd period - Snap shot by Drew LeBlanc.
4:25 of 2nd period - Stopped by Evgeni Nabokov with a rebound.
4:27 of 2nd period - Slapshot by Drew LeBlanc.
4:27 of 2nd period - Deflect By Phil Lane.
4:27 of 2nd period - Stopped by Evgeni Nabokov with a rebound.
4:29 of 2nd period - Snap shot by Phil Lane.
4:29 of 2nd period - Stopped by Evgeni Nabokov without a rebound.
4:30 of 2nd period - Colton Sissons wins face-off versus Chris Conner in Wolves zone.
4:49 of 2nd period - Wrist shot by Chris Conner.
4:49 of 2nd period - Shot Misses the Net.
5:53 of 2nd period - Joe Whitney is hit by Shawn Thornton and loses puck.
6:33 of 2nd period - Snap shot by Kyle MacKinnon.
6:33 of 2nd period - Shot Blocked by Kevin Gagne.
7:23 of 2nd period - Slapshot by Andre Benoit.
7:23 of 2nd period - Stopped by Jussi Rynnas with a rebound.
7:25 of 2nd period - Slapshot by Andre Benoit.
7:25 of 2nd period - Stopped by Jussi Rynnas with a rebound.
7:27 of 2nd period - Slapshot by Andre Benoit.
7:27 of 2nd period - Goal by Andre Benoit - Wolves : 1 - Ice Caps : 1.
7:28 of 2nd period - Colton Sissons wins face-off versus Derek Grant in neutral zone.
7:31 of 2nd period - Wrist shot by Andre Benoit.
7:31 of 2nd period - Shot Misses the Net.
7:41 of 2nd period - Slapshot by Derek Grant.
7:41 of 2nd period - Stopped by Evgeni Nabokov with a rebound.
7:43 of 2nd period - Slapshot by Andrew Bodnarchuk.
7:43 of 2nd period - Stopped by Evgeni Nabokov with a rebound.
7:45 of 2nd period - Snap shot by Paul Carey.
7:45 of 2nd period - Stopped by Evgeni Nabokov without a rebound.
7:46 of 2nd period - Colton Sissons wins face-off versus Chris Conner in Wolves zone.
8:50 of 2nd period - B.J. Crombeen and Marek Tvrdon fight to a draw.
8:50 of 2nd period - Penalty to B.J. Crombeen for Fighting.
8:50 of 2nd period - Penalty to Marek Tvrdon for Fighting.
8:51 of 2nd period - Zack Phillips wins face-off versus Tim Kennedy in Ice Caps zone.
9:13 of 2nd period - Minor Penalty to Scott Kosmachuk for Hooking.
9:14 of 2nd period - Ryan Carter wins face-off versus Ryan Reaves in Wolves zone.
9:24 of 2nd period - Snap shot by Chris Conner.
9:24 of 2nd period - Shot Misses the Net.
9:36 of 2nd period - Snap shot by Joakim Nordstrom.
9:36 of 2nd period - Shot Blocked by Chris Conner.
9:38 of 2nd period - Slapshot by Andre Benoit.
9:38 of 2nd period - Shot Blocked by Alex Grant.
9:40 of 2nd period - Snap shot by Matt Donovan.
9:40 of 2nd period - Shot Misses the Net.
10:06 of 2nd period - Nick D'Agostino is hit by Joakim Nordstrom and loses puck.
10:27 of 2nd period - Paul Carey is hit by Ryan Reaves and loses puck.
11:13 of 2nd period - Penalty to Scott Kosmachuk is over, Scott Kosmachuk is back on ice.
11:14 of 2nd period - Joe Piskula is hit by Alex Grant and loses puck.
11:35 of 2nd period - Slapshot by Brian O'Neill.
11:35 of 2nd period - Shot Misses the Net.
11:37 of 2nd period - Wrist shot by Brian O'Neill.
11:37 of 2nd period - Shot Misses the Net.
12:20 of 2nd period - Snap shot by Joe Whitney.
12:20 of 2nd period - Stopped by Jussi Rynnas with a rebound.
12:22 of 2nd period - Snap shot by Joe Piskula.
12:22 of 2nd period - Stopped by Jussi Rynnas with a rebound.
12:24 of 2nd period - Slapshot by Ryan Sproul.
12:24 of 2nd period - Stopped by Jussi Rynnas with a rebound.
12:46 of 2nd period - Minor Penalty to Joe Whitney for Holding.
12:47 of 2nd period - Chris Conner wins face-off versus Joakim Nordstrom in Wolves zone.
13:04 of 2nd period - Derek Grant is hit by Joakim Nordstrom and loses puck.
13:27 of 2nd period - Slapshot by Matt Donovan.
13:27 of 2nd period - Stopped by Jussi Rynnas with a rebound.
13:50 of 2nd period - Penalty to Marek Tvrdon is over, Marek Tvrdon is back on ice.
14:33 of 2nd period - Snap shot by B.J. Crombeen.
14:33 of 2nd period - Shot Misses the Net.
14:46 of 2nd period - Penalty to Joe Whitney is over, Joe Whitney is back on ice.
15:29 of 2nd period - Wrist shot by Brandon Yip.
15:29 of 2nd period - Shot Blocked by Ryan Sproul.
15:53 of 2nd period - Slapshot by Marek Tvrdon.
15:53 of 2nd period - Stopped by Jussi Rynnas with a rebound.
15:55 of 2nd period - Wrist shot by Zack Phillips.
15:55 of 2nd period - Stopped by Jussi Rynnas without a rebound.
15:56 of 2nd period - Kyle MacKinnon wins face-off versus Zack Phillips in Ice Caps zone.
15:56 of 2nd period - Kyle MacKinnon is hit by Kevin Gagne.
16:08 of 2nd period - Kevin Gagne is hit by Andrew Bodnarchuk and loses puck.
16:28 of 2nd period - Andrew Bodnarchuk is hit by Evan Rankin.
16:48 of 2nd period - Wrist shot by Brandon Yip.
16:48 of 2nd period - Stopped by Evgeni Nabokov with a rebound.
16:50 of 2nd period - Slapshot by Tim Kennedy.
16:50 of 2nd period - Stopped by Evgeni Nabokov with a rebound.
17:10 of 2nd period - Snap shot by Ryan Carter.
17:10 of 2nd period - Stopped by Evgeni Nabokov with a rebound.
17:53 of 2nd period - Off-side.
17:54 of 2nd period - Colton Sissons wins face-off versus Chris Conner in neutral zone.
18:07 of 2nd period - Icing by Alex Grant.
18:08 of 2nd period - Colton Sissons wins face-off versus Chris Conner in Ice Caps zone.
18:38 of 2nd period - Brandon Yip is hit by Ryan Reaves.
18:44 of 2nd period - Wrist shot by Evan Rankin.
18:44 of 2nd period - Stopped by Jussi Rynnas with a rebound.
19:11 of 2nd period - Slapshot by Marek Tvrdon.
19:11 of 2nd period - Shot Misses the Net.
19:13 of 2nd period - Wrist shot by Joe Whitney.
19:13 of 2nd period - Shot Misses the Net.
19:27 of 2nd period - Snap shot by Blair Jones.
19:27 of 2nd period - Shot Misses the Net.
19:29 of 2nd period - Wrist shot by Gus Young.
19:29 of 2nd period - Stopped by Jussi Rynnas with a rebound.
19:31 of 2nd period - Slapshot by Blair Jones.
19:31 of 2nd period - Shot Blocked by Troy Bodie.
19:33 of 2nd period - Wrist shot by Ryan Reaves.
19:33 of 2nd period - Shot Misses the Net.
19:35 of 2nd period - Wrist shot by Ryan Reaves.
19:35 of 2nd period - Stopped by Jussi Rynnas without a rebound.
19:36 of 2nd period - Joakim Nordstrom wins face-off versus Ryan Carter in Ice Caps zone.
19:50 of 2nd period - B.J. Crombeen beats up Colton Sissons.
19:50 of 2nd period - Penalty to B.J. Crombeen for Fighting.
19:50 of 2nd period - Penalty to Colton Sissons for Fighting.
19:51 of 2nd period - Scott Kosmachuk wins face-off versus Ryan Carter in Wolves zone.
Goals for this period are 1 for Wolves vs 1 for Ice Caps.
Shots for this period are 14 for Wolves vs 16 for Ice Caps.

3rd period


0:01 of 3rd period - Ryan Carter wins face-off versus Joakim Nordstrom in neutral zone.
0:14 of 3rd period - Wrist shot by Joakim Nordstrom.
0:14 of 3rd period - Shot Misses the Net.
0:58 of 3rd period - Derek Grant and Chris Brown fight to a draw.
0:58 of 3rd period - Penalty to Derek Grant for Fighting.
0:58 of 3rd period - Penalty to Chris Brown for Fighting.
0:59 of 3rd period - Scott Kosmachuk wins face-off versus Chris Conner in Ice Caps zone.
1:23 of 3rd period - Slapshot by Joe Whitney.
1:23 of 3rd period - Stopped by Jussi Rynnas with a rebound.
1:25 of 3rd period - Slapshot by Joe Piskula.
1:25 of 3rd period - Stopped by Jussi Rynnas with a rebound.
1:33 of 3rd period - Snap shot by Joe Whitney.
1:33 of 3rd period - Stopped by Jussi Rynnas with a rebound.
1:47 of 3rd period - Snap shot by Tim Kennedy.
1:47 of 3rd period - Stopped by Evgeni Nabokov with a rebound.
1:49 of 3rd period - Slapshot by Alex Biega.
1:49 of 3rd period - Deflect By Brandon Yip.
1:49 of 3rd period - Stopped by Evgeni Nabokov with a rebound.
2:15 of 3rd period - Snap shot by Alex Grant.
2:15 of 3rd period - Shot Blocked by Ryan Reaves.
3:23 of 3rd period - Wrist shot by Shawn Thornton.
3:23 of 3rd period - Stopped by Evgeni Nabokov with a rebound.
4:33 of 3rd period - Snap shot by Brian O'Neill.
4:33 of 3rd period - Stopped by Jussi Rynnas with a rebound.
4:35 of 3rd period - Snap shot by Brian O'Neill.
4:35 of 3rd period - Shot Misses the Net.
4:37 of 3rd period - Slapshot by Blair Jones.
4:37 of 3rd period - Shot Misses the Net.
4:39 of 3rd period - Snap shot by Andre Benoit.
4:39 of 3rd period - Shot Blocked by Ryan Carter.
4:41 of 3rd period - Slapshot by Andre Benoit.
4:41 of 3rd period - Shot Misses the Net.
5:01 of 3rd period - Andrew Bodnarchuk is hit by Matt Donovan and loses puck.
5:42 of 3rd period - Snap shot by Colton Sissons.
5:42 of 3rd period - Shot Blocked by Alex Grant.
5:58 of 3rd period - Minor Penalty to Scott Kosmachuk for Slashing.
5:59 of 3rd period - Ryan Carter wins face-off versus Ryan Reaves in Wolves zone.
5:59 of 3rd period - Wrist shot by B.J. Crombeen.
5:59 of 3rd period - Shot Misses the Net.
7:07 of 3rd period - Snap shot by Ryan Carter.
7:07 of 3rd period - Stopped by Evgeni Nabokov with a rebound.
7:58 of 3rd period - Penalty to Scott Kosmachuk is over, Scott Kosmachuk is back on ice.
9:32 of 3rd period - Wrist shot by Joe Whitney.
9:32 of 3rd period - Shot Misses the Net.
9:34 of 3rd period - Wrist shot by Zack Phillips.
9:34 of 3rd period - Shot Misses the Net.
9:36 of 3rd period - Backhand shot by Ryan Sproul.
9:36 of 3rd period - Shot Misses the Net.
9:38 of 3rd period - Slapshot by Joe Piskula.
9:38 of 3rd period - Shot Blocked by Barry Goers.
10:24 of 3rd period - Wrist shot by Shawn Thornton.
10:24 of 3rd period - Shot Hit the Post.
10:26 of 3rd period - Wrist shot by Ryan Carter.
10:26 of 3rd period - Shot Misses the Net.
10:28 of 3rd period - Wrist shot by B.J. Crombeen.
10:28 of 3rd period - Stopped by Evgeni Nabokov with a rebound.
11:03 of 3rd period - Slapshot by Derek Grant.
11:03 of 3rd period - Stopped by Evgeni Nabokov with a rebound.
11:05 of 3rd period - Minor Penalty to Brian O'Neill for Hooking.
11:06 of 3rd period - Chris Conner wins face-off versus Ryan Reaves in Wolves zone.
11:36 of 3rd period - Icing by Shawn Thornton.
11:37 of 3rd period - Colton Sissons wins face-off versus Ryan Carter in Ice Caps zone.
12:02 of 3rd period - Alex Grant is hit by Joakim Nordstrom and loses puck.
13:05 of 3rd period - Penalty to Brian O'Neill is over, Brian O'Neill is back on ice.
13:38 of 3rd period - Snap shot by Tim Kennedy.
13:38 of 3rd period - Shot Misses the Net.
14:21 of 3rd period - Snap shot by Kyle MacKinnon.
14:21 of 3rd period - Stopped by Evgeni Nabokov with a rebound.
14:23 of 3rd period - Snap shot by Nick D'Agostino.
14:23 of 3rd period - Shot Blocked by Joe Whitney.
14:25 of 3rd period - Slapshot by Nick D'Agostino.
14:25 of 3rd period - Stopped by Evgeni Nabokov with a rebound.
16:24 of 3rd period - Icing by Shawn Thornton.
16:25 of 3rd period - Joakim Nordstrom wins face-off versus Ryan Carter in Ice Caps zone.
16:30 of 3rd period - Snap shot by Joakim Nordstrom.
16:30 of 3rd period - Shot Misses the Net.
17:44 of 3rd period - Andre Benoit is hit by Tim Kennedy and loses puck.
18:14 of 3rd period - Joe Whitney is hit by Ryan Carter and loses puck.
18:23 of 3rd period - Ryan Carter is hit by Zack Phillips and loses puck.
19:10 of 3rd period - Ryan Carter is hit by Marek Tvrdon.
19:52 of 3rd period - Wrist shot by Ryan Reaves.
19:52 of 3rd period - Shot Misses the Net.
19:54 of 3rd period - Slapshot by Ryan Sproul.
19:54 of 3rd period - Stopped by Jussi Rynnas without a rebound.
19:55 of 3rd period - Ryan Reaves wins face-off versus Chris Conner in Ice Caps zone.
Goals for this period are 0 for Wolves vs 0 for Ice Caps.
Shots for this period are 5 for Wolves vs 8 for Ice Caps.

Overtime #1


0:01 of 1st overtime period - Shawn Thornton wins face-off versus Ryan Reaves in neutral zone.
0:16 of 1st overtime period - Wrist shot by Shawn Thornton.
0:16 of 1st overtime period - Stopped by Evgeni Nabokov with a rebound.
1:39 of 1st overtime period - Slapshot by Barry Goers.
1:39 of 1st overtime period - Stopped by Evgeni Nabokov with a rebound.
2:19 of 1st overtime period - Andre Benoit is hit by B.J. Crombeen and loses puck.
2:44 of 1st overtime period - Slapshot by Matt Donovan.
2:44 of 1st overtime period - Deflect By Blair Jones.
2:44 of 1st overtime period - Shot Misses the Net.
2:44 of 1st overtime period - Puck is out of play.
2:45 of 1st overtime period - Shawn Thornton wins face-off versus Ryan Reaves in Ice Caps zone.
3:49 of 1st overtime period - Wrist shot by B.J. Crombeen.
3:49 of 1st overtime period - Shot Misses the Net.
4:32 of 1st overtime period - Backhand shot by Blair Jones.
4:32 of 1st overtime period - Shot Misses the Net.
4:51 of 1st overtime period - Kyle MacKinnon is hit by Scott Kosmachuk and loses puck.
Goals for this period are 0 for Wolves vs 0 for Ice Caps.
Shots for this period are 0 for Wolves vs 2 for Ice Caps.

ShootOut


5:00 of 1st overtime period - Penalty Shot by Ryan Reaves for Wolves.
5:00 of 1st overtime period - Snap shot by Ryan Reaves.
5:00 of 1st overtime period - Goal by Ryan Reaves.
5:00 of 1st overtime period - Penalty Shot by Phil Lane for Ice Caps.
5:00 of 1st overtime period - Snap shot by Phil Lane.
5:00 of 1st overtime period - Stopped by Evgeni Nabokov.
5:00 of 1st overtime period - Penalty Shot by Joakim Nordstrom for Wolves.
5:00 of 1st overtime period - Backhand shot by Joakim Nordstrom.
5:00 of 1st overtime period - Stopped by Jussi Rynnas.
5:00 of 1st overtime period - Penalty Shot by Ryan Carter for Ice Caps.
5:00 of 1st overtime period - Wrist shot by Ryan Carter.
5:00 of 1st overtime period - Shot Misses the Net.
5:00 of 1st overtime period - Penalty Shot by Brian O'Neill for Wolves.
5:00 of 1st overtime period - Snap shot by Brian O'Neill.
5:00 of 1st overtime period - Stopped by Jussi Rynnas.
5:00 of 1st overtime period - Penalty Shot by Shawn Thornton for Ice Caps.
5:00 of 1st overtime period - Snap shot by Shawn Thornton.
5:00 of 1st overtime period - Stopped by Evgeni Nabokov.